 Dungeon Crawl Stone Soup version 0.27.1 (webtiles) character file.

Game seed: 9957919064266322188

14 thugbe the Digger (level 2, -1/15 HPs)
             Began as a Gargoyle Earth Elementalist on Sept 3, 2021.
             Frozen to death by an endoplasm (3 damage)
             ... on level 1 of the Dungeon.
             The game lasted 00:02:10 (863 turns).

thugbe the Digger (Gargoyle Earth Elementalist)      Turns: 863, Time: 00:02:10

Health: -1/15      AC:  5    Str: 11    XL:     2   Next: 41%
Magic:  5/5        EV: 12    Int: 15    God:
Gold:   0          SH:  0    Dex: 10    Spells: 4/5 levels left

rFire    . . .     SeeInvis .   a - +0 short sword
rCold    . . .     Faith    .   (no shield)
rNeg     + . .     Spirit   .   b - +0 robe
rPois    ∞         Reflect  .   (no helmet)
rElec    +         Harm     .   (no cloak)
rCorr    .         Rampage  .   f - +0 pair of gloves
Will     .....                  (no boots)
Stlth    ++........             (no amulet)
HPRegen  0.05/turn              (no ring)
MPRegen  0.09/turn              (no ring)

@: no status effects
A: sickness immunity, AC +2, negative energy resistance 1, electricity
resistance, torment resistance 1, petrification resistance
a: no special abilities


You were on level 1 of the Dungeon.
You visited 1 branch of the dungeon, and saw 1 of its levels.

Inventory:

Hand Weapons
 a - a +0 short sword (weapon)
Missiles
 c - 29 stones (quivered)
Armour
 b - a +0 robe (worn)
 e - a +0 scale mail
 f - a +0 pair of gloves (worn)
Potions
 d - a potion of curing {unknown}
 g - a potion of mutation {unknown}


   Skills:
 + Level 1.6 Dodging
 + Level 2.3 Stealth
 + Level 2.2 Spellcasting
 + Level 1.0 Transmutations
 + Level 4.0 Earth Magic


You had 4 spell levels left.
You knew the following spells:

 Your Spells              Type           Power      Damage    Failure   Level
a - Sandblast             Erth           26%        2d8       4%          1

Your spell library contained the following spells:

 Spells                   Type           Power      Damage    Failure   Level
 Passwall                 Tmut/Erth      7%         N/A       12%         2
 Stone Arrow              Conj/Erth      14%        3d7       28%         3
 Petrify                  Tmut/Erth      9%         N/A       58%         4


Dungeon Overview and Level Annotations

Branches:
Dungeon (1/15)

Altars:


Innate Abilities, Weirdness & Mutations

You are immune to sickness and miasma.
Your stone body is resilient. (AC +2)
You are immune to poison.
You resist negative energy. (rN+)
You are resistant to electric shocks. (rElec)
You are resistant to unholy torment.
You are immune to petrification.


Message History

You continue putting on your +0 pair of gloves. x4
You finish putting on your +0 pair of gloves.
You see here a +0 dagger.
Items here: )) ††.
Found 8 gold pieces.
A hobgoblin comes into view.
The hobgoblin shouts!
You hear an angry hiss. x2
A frilled lizard comes into view.
You barely miss the hobgoblin.
The hobgoblin hits you but does no damage.
You hit the hobgoblin.
The hobgoblin is severely wounded.
The hobgoblin hits you.
You barely miss the hobgoblin.
The hobgoblin is severely wounded.
The hobgoblin closely misses you.
The hobgoblin hits you but does no damage.
You hit the hobgoblin.
You kill the hobgoblin!
You closely miss the frilled lizard.
The frilled lizard bites you but does no damage.
You closely miss the frilled lizard. The frilled lizard bites you.
You closely miss the frilled lizard. The frilled lizard closely misses you.
You hit the frilled lizard.
You kill the frilled lizard!
You throw a stone.
The stone hits the endoplasm but does no damage.
You barely miss the endoplasm.
The endoplasm hits you but does no damage.
The endoplasm freezes you.
You are frozen.
You hit the endoplasm but do no damage. The endoplasm freezes you.
You are frozen.
* * * LOW HITPOINT WARNING * * *
You hit the endoplasm.
The endoplasm is severely wounded.
The endoplasm freezes you.
You are frozen.
You die...

#.#.# #...##..........
#.#.#########.............#
#...........#..###........#
###.#######.#....##l...$..# ##.#
#.......#g......## ### ##..#
###÷##...........###.. #..##
#.##.........###....
#.###########.###...#..###......
#.##...........@J....###........
#.##.########.########......##..
#.##.## #.###.'.......####..
#.##..# #.##..'.....### #.<
#.###.#######)##..'.......####..
#.# #............#####......##..
#.# ###...........######........
#.# ####...............###......
##.###.............####.#.###....


You could see an endoplasm.

Vanquished Creatures
  A ball python (D:1)
  A bat (D:1)
  A giant cockroach (D:1)
  2 goblins (D:1)
  2 hobgoblins (D:1)
  A quokka (D:1)
  4 frilled lizards (D:1)
12 creatures vanquished.

Notes
Turn   | Place    | Note
-------+----------+-------------------------------------------
     0 | D:1      | thugbe the Gargoyle Earth Elementalist began the quest for
                  | the Orb.
     0 | D:1      | Reached XP level 1. HP: 10/10 MP: 3/3
    59 | D:1      | Reached skill level 1 in Transmutations
   638 | D:1      | Reached XP level 2. HP: 15/15 MP: 5/5
   678 | D:1      | Reached skill level 4 in Earth Magic
   863 | D:1      | Frozen to death by an endoplasm

Illustrated notes

Levels and vault maps discovered:
D:1:      lemuel_arrival_funnel, layout_rooms, serial_shops,
          nicolae_diamond_shop

Skill      XL: |  1  2 |
---------------+-------+-----
Transmutations | 1 |  1.0
Earth Magic    | 4 |  4.0
Dodging        | |  1.6
Stealth        | |  2.3
Spellcasting   | |  2.2

Action                   || total
-------------------------++-------
Melee: Short sword       ||    43
Throw: Stone             ||     4
 Stab: Sleeping          ||     1
Armor: Robe              ||    12
Dodge: Dodged            ||    21
